 Dungeon Crawl Stone Soup version bcrawl-1.13.5 (webtiles) character file.

Game seed: 8919159208240137624

87 Eeowdah the Skirmisher (level 4, -10/42 HPs)
             Began as a Hill Orc Fighter on Aug 29, 2019.
             Mangled by Ijyb
             ... wielding a +2 dagger of electrocution
              (19 damage)
             ... on level 3 of the Dungeon.
             The game lasted 00:15:08 (1419 turns).

Eeowdah the Skirmisher (Hill Orc Fighter)           Turns: 1419, Time: 00:15:08

Health: -10/42     AC:  9    Str: 19    XL:     4   Next: 51%
Magic:  4/4        EV:  5    Int:  8    God:
Gold:   31         SH:  9    Dex: 10    Spells: 3/3 levels left

rFire    . . .     SeeInvis .   t - +1 short sword (elec)
rCold    . . .     Gourm    .   c - +0 shield
rNeg     . . .     Faith    .   s - +0 chain mail
rPois    .         Spirit   .   (no helmet)
rElec    .         Reflect  .   (no cloak)
rCorr    .         Harm     .   (no gloves)
MR       .....                  (no boots)
Stlth    ..........             (no amulet)
HPRegen  0.14/turn              (no ring)
MPRegen  0.09/turn              (no ring)

@: hasted, very quick
A: no striking features
a: no special abilities


You were on level 3 of the Dungeon.
You were not hungry.

You visited 1 branch of the dungeon, and saw 3 of its levels.

You collected 31 gold pieces.

Inventory:

Hand Weapons
 a - a +0 flail
 d - a +0 dagger
 e - a +0 whip
 h - a +0 dagger
 n - a +0 mace
 p - a +0 dagger
 t - a +1 short sword of electrocution (weapon)
 w - a +0 club
 z - a +0 hunting sling
 A - a +0 mace
 D - a +0 hunting sling
 G - a +0 hunting sling
Missiles
 m - 351 arrows
 q - 847 stones (quivered)
Armour
 b - a +0 scale mail
 c - a +0 shield (worn)
 r - a +0 ring mail
 s - a +0 chain mail (worn)
 u - a +0 scale mail
 x - a +0 leather armour
Jewellery
 i - a cursed ring of teleportation
 l - an uncursed ring of wizardry {unknown}
 E - an uncursed ring of resist corrosion
Scrolls
 j - a scroll of immolation {unknown}
Potions
 o - a potion of resistance
 B - a potion of ambrosia {unknown}
Comestibles
 f - 6 rations {!d}


   Skills:
 + Level 5.1 Fighting
   Level 5.1 Short Blades
   Level 5.1 Long Blades
   Level 5.1 Axes
   Level 5.1 Maces & Flails
   Level 5.1 Polearms
   Level 5.1 Staves
 + Level 3.5 Armour
 + Level 0.1 Stealth
 + Level 3.8 Shields
   Level 5.1 Unarmed Combat


You had 3 spell levels left.
You didn't know any spells.
Your spell library was empty.

Dungeon Overview and Level Annotations

Branches:
Dungeon (3/12)

Altars:

Annotations:
D:3 Ijyb


Message History

Your +0 flail unmelds from your body.
Your +0 shield unmelds from your body.
Your +0 chain mail unmelds from your body.
You start resting.
Ijyb is too close now for your liking.
You hear the crackle of electricity.
t - a +0 short sword of electrocution (weapon)
Ijyb shoots a sling bullet.
You block the sling bullet.
Ijyb shoots a sling bullet.
The sling bullet hits you but does no damage.
You feel yourself speed up.
As you read the scroll of identify, it crumbles to dust.
o - a potion of resistance
As you read the scroll labeled ATAS CONINYO, it crumbles to dust.
It is a scroll of enchant weapon.
Your +0 short sword of electrocution glows red for a moment.
Ijyb unwields a +0 hunting sling.
Ijyb wields a +2 dagger of electrocution.
You hear the crackle of electricity.
Ijyb hits you but does no damage.
You are electrocuted!!
You die...

..# #. # #.# ###.
#.# ###.#########...
.. ...##.....##.#.
...#.##.##.....##.#.
.............<.##.#.
######.##.....##.#.
######.##.....##.##
#.@.....########...
#g####..# ####
#.####..# ### #
#.#.....######.####
#.#.#.....)........
#.# #...###.......#
... #....##..#.##.#
.## ####..#..#.##.#
#. #..........##.#


You could see Ijyb.

Vanquished Creatures
  An adder (D:2)
  4 oozes
  4 dart slugs (D:2)
  2 leopard geckos
  An orc (D:3)
  4 bats (D:1)
  4 giant cockroaches
  6 goblins
  5 hobgoblins
  3 jackals
  5 kobolds
  2 quokkas (D:2)
  A frilled lizard (D:2)
  4 rats
46 creatures vanquished.

Notes
Turn   | Place    | Note
-------+----------+-------------------------------------------
     0 | D:1      | Eeowdah the Hill Orc Fighter began the quest for the Orb.
     0 | D:1      | Reached XP level 1. HP: 20/20 MP: 1/1
   114 | D:1      | Reached XP level 2. HP: 27/28 MP: 2/2
   189 | D:1      | Reached XP level 3. HP: 32/34 MP: 3/3
   650 | D:2      | Reached skill level 5 in Fighting
   655 | D:2      | Reached XP level 4. HP: 25/42 MP: 4/4
  1346 | D:3      | Noticed Ijyb
  1419 | D:3      | Mangled by Ijyb

Skill      XL: |  1  2  3 |
---------------+----------+-----
Fighting       | 5 |  5.1
Short Blades   | |  5.1
Long Blades    | |  5.1
Axes           | |  5.1
Maces & Flails | |  5.1
Polearms       | |  5.1
Staves         | |  5.1
Armour         | |  3.5
Stealth        | |  0.1
Shields        | |  3.8
Unarmed Combat | |  5.1

Action                   |  1- 3 |  4- 6 || total
-------------------------+-------+-------++-------
Melee: Flail             |    85 |    24 ||   109
       Short sword       |       |    41 ||    41
       Unarmed           |       |     5 ||     5
  Use: Potion            |     1 |     1 ||     2
       Scroll            |       |     4 ||     4
  Eat: Chunk             |       |     2 ||     2
Armor: Scale mail        |    41 |     3 ||    44
       Chain mail        |       |    19 ||    19
Dodge: Dodged            |    33 |    15 ||    48
Block: Shield            |    44 |    24 ||    68
